 Dungeon Crawl Stone Soup version 0.31-a0-557-g6e16503903 (webtiles) character file.

Game seed: 10397206018602159338

19388 Newt the Cruncher (level 12, -5/104 HPs)
             Began as a Yellow Draconian Shapeshifter on Aug 16, 2023.
             Was an Initiate of Gozag.
             Engulfed by an ice statue's freezing vapour (25 damage)
             ... in a Gauntlet.
             The game lasted 00:16:28 (13905 turns).

Newt the Cruncher (Yellow Draconian Shapeshifter)  Turns: 13905, Time: 00:16:29

Health: -5/104     AC:  8    Str: 21    XL:     12   Next: 36%
Magic:  12/12      EV: 21    Int:  8    God:    Gozag
Gold:   2011       SH:  0    Dex: 14    Spells: 11/11 levels left

rFire   + . .        d - +8 lajatang (speed)
rCold   . . .        (shield currently unavailable)
rNeg    . . .        (body armour unavailable)
rPois   .            (helmet currently unavailable)
rElec   .            (cloak currently unavailable)
rCorr   +            (gloves currently unavailable)
SInv    .            (boots currently unavailable)
Will    .....        S - amulet of regeneration
Stlth   ++           i - ring of protection from fire
HPRegen 1.17/turn    H - +5 ring of evasion
MPRegen 0.13/turn

%: no teleportation
@: beast-form, gold aura, slowed, very slow
A: beast (slay +4), spit acid, AC +8, unfitting armour, cold-blooded, acid
resistance
a: Breathe Acid, Begin Untransformation, Renounce Religion, Potion Petition,
Call Merchant, Bribe Branch


You were in a Gauntlet.
You worshipped Gozag.
Gozag was most pleased with you.
You were a hulking beast.
You visited 2 branches of the dungeon, and saw 13 of its levels.
You also visited: Gauntlet.

You collected 2266 gold pieces.
You spent 162 gold pieces at shops.
You paid 93 gold pieces to Gozag.

Inventory:

Hand Weapons
 d - a +8 lajatang of speed (weapon)
 g - the +8 demon blade "Leech" {evervamp, Harm Drain rN+}
   (You took it off an orc knight on level 10 of the Dungeon)

   rN+:       It protects you from negative energy.
   Drain:     It drains your maximum health when unequipped.
   Harm:      It increases damage dealt and taken.
 n - a +0 club
 Y - the +6 triple crossbow of Articulation {heavy, rF+ Will++ rCorr}
   (You found it on level 10 of the Dungeon)

   rF+:       It protects you from fire.
   Will++:    It greatly increases your willpower.
   rCorr:     It protects you from acid and corrosion.
Missiles
 l - 16 boomerangs
 s - 2 throwing nets
Armour
 r - a +0 pair of boots
 t - a +0 cloak
Magical Staves
 X - the staff of Disarray {Str+3 Int+3 Dex-3 Conj}
   (You found it on level 10 of the Dungeon)

   [staff of conjuration]

   Base accuracy: +5 Base damage: 5 Base attack delay: 1.2 This weapon's minimum
   attack delay (0.6) is reached at skill level 12.
   Str+3:     It affects your strength (+3).
   Int+3:     It affects your intelligence (+3).
   Dex-3:     It affects your dexterity (-3).
   Conj:      It increases the power of your Conjurations spells.
   It falls into the 'Staves' category.
   It is a one-handed weapon.
Jewellery
 i - a ring of protection from fire (left hand)
 u - a ring of protection from cold
 y - a ring of protection from fire
 A - an amulet of magic regeneration
 B - a ring of wizardry
 H - a +5 ring of evasion (right hand)
 S - an amulet of regeneration (around neck)
Talismans
 b - a beast talisman (active)
 c - a flux talisman
Wands
 w - a wand of polymorph (10)
 I - a wand of flame (28)
 L - a wand of light (15)
 M - a wand of paralysis (4)
 N - a wand of iceblast (2)
Scrolls
 p - 2 scrolls of fog {unknown}
 v - 2 scrolls of enchant armour {unknown}
 x - a scroll of silence {unknown}
 z - a scroll of brand weapon {unknown}
 D - 4 scrolls of blinking
 E - 5 scrolls of teleportation
 K - a scroll of butterflies {unknown}
 P - 2 scrolls of immolation {unknown}
 T - a scroll of noise {unknown}
 U - 2 scrolls of identify
 Z - a scroll of revelation {unknown}
Potions
 a - 2 potions of lignification
 e - 2 potions of enlightenment
 f - 2 potions of magic
 h - a potion of berserk rage
 k - a potion of might
 m - a potion of mutation
 F - 2 potions of resistance
 G - 3 potions of attraction
 J - 3 potions of curing
 O - a potion of heal wounds {unknown}
 Q - a potion of brilliance {unknown}
Miscellaneous
 R - a phial of floods
 V - a box of beasts
 W - a phantom mirror


   Skills:
 - Level 9.0 Fighting
 - Level 2.9 Long Blades
 - Level 12.8 Staves
 + Level 5.1 Ranged Weapons
 - Level 9.0 Dodging
 - Level 3.0 Stealth
 - Level 3.0 Unarmed Combat
 - Level 4.0 Evocations
 - Level 6.0 Shapeshifting


You had 11 spell levels left.
You didn't know any spells.
Your spell library contained the following spells:

 Spells                   Type           Power      Damage    Failure   Level
 Sting                    Tmut/Pois      0%         1d3       41%         1
 Summon Small Mammal      Summ           0%         N/A       41%         1
 Poisonous Vapours        Pois/Air       0%         N/A       54%         2
 Call Canine Familiar     Summ           0%         N/A       78%         3
 Inner Flame              Hex/Fire       0%         N/A       78%         3
 Summon Guardian Golem    Hex/Summ       0%         N/A       78%         3
 Vhi's Electric Charge    Tloc/Air       0%         N/A       78%         3
 Flame Wave               Conj/Fire      0%         2d4       99%         4
 Olgreb's Toxic Radiance  Pois           0%         N/A       99%         4
 Sticky Flame             Conj/Fire      0%         2d3       99%         4
 Summon Lightning Spire   Summ/Air       0%         N/A       99%         4
 Arcjolt                  Conj/Air       0%         1d10      100%        5
 Lee's Rapid Deconstruct  Erth           0%         3d4*      100%        5
 Maxwell's Capacitive Co  Air            0%         ∞         100%        8
 Animate Armour           Summ/Erth      Unusable   N/A       N/A         4

Dungeon Overview and Level Annotations

Branches:
Dungeon (12/15)            Temple (1/1) D:6            Lair (0/5) D:9
    Orc (0/2) D:11        Gauntlet (1/1)

Altars:
Ashenzari
Cheibriados
Dithmenos
Elyvilon
Fedhas
Gozag
Hepliaklqana
Kikubaaqudgha
Makhleb
Nemelex Xobeh
Okawaru
Qazlal
Ru
Sif Muna
Trog
Uskayaw
Vehumet
Wu Jian
Xom
Yredelemnul
Zin
The Shining One

Shops:
D:5 !   D:6 ?

Annotations:
Gauntlet 17 transporters, exclusions: ice statue, lightning spire and orange crystal statue


Innate Abilities, Weirdness & Mutations

You are a hulking beast.
Your limbs bulge with bestial killing power. (Slay +4)
You can spit globs of acid.
Your golden yellow scales are hard. (AC +8)
You cannot fit into any form of body armour.
You are cold-blooded and may be slowed by cold attacks.
You are resistant to acid. (rCorr)


Message History

The fire bat is no longer distracted by gold.
The ice statue gestures at you. The bolt of cold misses you.
The fire bat is distracted by your dazzling golden aura.
The fire bat is no longer distracted by gold.
The rime drake bites you but does no damage.
You slice the rime drake!!
You kill the rime drake!
Your Ranged Weapons skill increases to level 5!
No reachable target in view!
No reachable target in view!
The fire bat is distracted by your dazzling golden aura. x2
The ice statue gestures at you. The bolt of cold hits you!!
You see here 21 gold pieces.
The ice statue gestures at you. The freezing blast misses you.
You are engulfed in freezing vapours.
The fire bat is no longer distracted by gold.
The flying skull gives a hideous shriek!
You hit the ice statue but do no damage.
You are engulfed in freezing vapours.
You feel yourself slow down.
You hear a hideous shriek!
You slash the ice statue!
The ice statue is lightly damaged.
You are engulfed in freezing vapours.
* * * LOW HITPOINT WARNING * * *
The ice statue gestures at you. The freezing blast misses you.
Unknown command.
You slice the ice statue!!
The ice statue is heavily damaged.
You are engulfed in freezing vapours.
* * * LOW HITPOINT WARNING * * *
Unknown command.
You slice the ice statue!!
The ice statue is severely damaged.
You are engulfed in freezing vapours.
You die...
Your body crumbles into a pile of gold.

###########.###########.#########
#......b..#.#.........#.#........
#.#.....#.#.#.#.....#.#.#.#.##.##
#".##.##..#.#.##...##.#.#......#.
#..##.##..#.#..##.##..#.#..##.##J
#©.#.b.#..#.#....©....#.#..#.©#..
#..##.##.t#.#..#####..#.#.##.##.#
#?.## ##.b#.#.##°..##.#.#.#......
#.#.. ..#b#.#.#°h8..#.#.#.#.##.##
#........b#.#°°☼:°?...#.#..... ..
#################################
#≈≈8≈§#©.........©.........©#§≈8≈
######################## ###
...........©#§§≈≈8§≈§≈#©. ..
#################################
##)=#.#.##.##z###.##..R°○°.##.#..
.##?#.#.##.##.###.#.#°....#.#.#.#


You could see an ice statue, an efreet, a fire bat and a flying skull.

Vanquished Creatures
  A hydra (D:10)
  2 two-headed ogres (D:11)
  Erica (D:8)
  A centaur warrior (D:10)
  A deep elf pyromancer (D:10)
  An orc knight (D:10)
  A manticore (D:10)
  A cyclops (D:11)
  An ugly thing (D:10)
  A guardian serpent (shapeshifter) (D:10)
  Maggie (D:8)
  2 unseen horrors
  3 gargoyles
  2 komodo dragons (D:10)
  2 rime drakes (Gauntlet)
  A kobold demonologist (D:10)
  5 trolls
  2 hornets (D:9)
  2 shadows (D:10)
  Grum (D:8)
  7 yaks (D:10)
  2 wraiths (D:10)
  A basilisk (D:10)
  2 wyverns
  2 vampire mosquitoes (D:11)
  An acid dragon (D:9)
  3 wargs
  3 water moccasins
  8 orc warriors
  A black bear (D:5)
  2 ice beasts (D:7)
  2 wolves (D:8)
  3 ogres
  15 centaurs
  7 bullfrogs
  Blork the orc (D:5)
  4 kobold brigands
  2 gnoll sergeants
  3 scorpions
  21 wights
  12 howler monkeys
  6 jellies
  3 hounds
  8 orc priests
  Crazy Yiuf (D:2)
  2 sleepcaps
  4 iguanas
  12 orc wizards
  18 gnolls
  3 adders
  A shadow imp (D:8)
  2 white imps
  2 worms
  2 dart slugs
  35 orcs
  7 ball pythons
  6 endoplasms
  4 giant cockroaches
  8 hobgoblins
  5 jackals
  4 quokkas
  5 bats
  A frilled lizard (D:3)
  15 goblins
  20 kobolds
  13 rats
321 creatures vanquished.

Notes
Turn   | Place    | Note
-------+----------+-------------------------------------------
     0 | D:1      | Newt the Draconian Shapeshifter began the quest for the
                  | Orb.
     0 | D:1      | Reached XP level 1. HP: 16/16 MP: 1/1
   177 | D:1      | Reached XP level 2. HP: 25/25 MP: 2/2
   218 | D:1      | Found a faded altar of an unknown god.
  1186 | D:2      | Identified a scroll of acquirement
  1186 | D:2      | Acquired a +4 lajatang of speed
  1211 | D:2      | Reached XP level 3. HP: 31/31 MP: 3/3
  1492 | D:2      | Found a runed translucent door.
  1493 | D:2      | Noticed Crazy Yiuf
  2059 | D:2      | Identified the +1 robe "Fekadel" {Dex+3}
  2259 | D:2      | Killed Crazy Yiuf
  2260 | D:2      | Reached XP level 4. HP: 38/38 MP: 4/4
  3170 | D:3      | Reached XP level 5. HP: 18/45 MP: 5/5
  3626 | D:4      | Reached skill level 5 in Shapeshifting
  3662 | D:4      | Reached skill level 1 in Staves
  4306 | D:5      | Entered Level 5 of the Dungeon
  4312 | D:4      | Reached skill level 2 in Staves
  4316 | D:5      | Reached XP level 6. HP: 51/51 MP: 6/6
  4345 | D:5      | Reached skill level 3 in Staves
  4678 | D:5      | Found Kerphoivi's Distillery.
  4725 | D:5      | Reached skill level 4 in Staves
  4754 | D:5      | Reached skill level 5 in Staves
  4754 | D:5      | Your scales start taking on a golden yellow colour.
  4754 | D:5      | Reached XP level 7. HP: 53/57 MP: 7/7
  4754 | D:5      | Gained mutation: You are resistant to acid. (rCorr) [Yellow
                  | Draconian growth]
  4995 | D:5      | Noticed Blork the orc
  5001 | D:5      | Killed Blork the orc
  5290 | D:6      | Found Zixt's Magic Scroll Shoppe.
  5298 | D:6      | Bought a scroll of identify for 26 gold pieces
  5298 | D:6      | Bought a scroll of enchant weapon for 97 gold pieces
  5298 | D:6      | Bought a scroll of teleportation for 39 gold pieces
  5325 | D:6      | Reached XP level 8. HP: 59/63 MP: 8/8
  5529 | D:6      | Reached skill level 5 in Fighting
  5746 | D:6      | Reached skill level 1 in Stealth
  5960 | D:6      | Found a staircase to the Ecumenical Temple.
  6092 | Temple   | Entered the Ecumenical Temple
  6098 | Temple   | Became a worshipper of Gozag Ym Sagoz the Greedy
  6186 | D:7      | Reached skill level 6 in Staves
  6190 | D:7      | Reached XP level 9. HP: 56/75 MP: 9/9
  6264 | D:7      | Found a blossoming altar of Fedhas.
  6462 | D:7      | Reached skill level 7 in Staves
  6717 | D:7      | Reached skill level 8 in Staves
  6762 | D:7      | Reached skill level 1 in Evocations
  6873 | D:7      | Found a glowing silver altar of Zin.
  7422 | D:8      | Noticed Grum
  7430 | D:8      | Killed Grum
  7601 | D:8      | Noticed Maggie
  7614 | D:8      | Killed Maggie
  7618 | D:8      | Reached XP level 10. HP: 49/90 MP: 10/10
  7945 | D:8      | Noticed Erica
  7952 | D:8      | Killed Erica
  7953 | D:8      | Reached skill level 5 in Dodging
  8308 | D:8      | Identified the +0 spear "Qiezamum" {drain, Dex+5}
  8780 | D:9      | Found a shimmering altar of Xom.
  8783 | D:9      | Found an iron altar of Okawaru.
  8783 | D:9      | Found a bloodstained altar of Trog.
  9139 | D:9      | Found a staircase to the Lair.
  9178 | D:9      | Found a sparkling altar of Nemelex Xobeh.
  9317 | D:9      | Found a burning altar of Makhleb.
  9743 | D:10     | Entered Level 10 of the Dungeon
  9850 | D:10     | Noticed a rust devil
  9851 | D:10     | Noticed a soul eater
 10368 | D:10     | Reached XP level 11. HP: 88/97 MP: 11/11
 10634 | D:10     | Reached skill level 9 in Staves
 10821 | D:10     | Reached skill level 10 in Staves
 11231 | D:10     | Reached skill level 11 in Staves
 11353 | D:10     | Noticed a deep elf pyromancer
 11364 | D:10     | Killed a deep elf pyromancer
 11369 | D:10     | Noticed an eight-headed hydra
 11376 | D:10     | Killed an 11-headed hydra
 11376 | D:10     | Noticed an orc knight
 11377 | D:10     | Noticed a centaur warrior
 11380 | D:10     | Noticed a purple ugly thing
 11381 | D:10     | Reached skill level 12 in Staves
 11382 | D:10     | Killed a centaur warrior
 11385 | D:10     | Killed an orc knight
 11390 | D:10     | Killed a purple ugly thing
 11393 | D:10     | Identified the +6 triple crossbow of Articulation {heavy,
                  | rF+ Will++ rCorr}
 11534 | D:10     | Identified the staff of Disarray {Str+3 Int+3 Dex-3 Conj}
 11537 | D:10     | Identified the +0 scale mail of Discretion {+Blink}
 12257 | D:11     | Reached XP level 12. HP: 104/104 MP: 12/12
 12261 | D:11     | Found a staircase to the Orcish Mines.
 12310 | D:11     | Noticed a two-headed ogre
 12314 | D:11     | Reached skill level 1 in Long Blades
 12319 | D:11     | Killed a two-headed ogre
 12323 | D:11     | Identified the +7 orcbow "Nistre" {flame, rN++ Str+5}
 12465 | D:11     | Reached skill level 1 in Ranged Weapons
 12806 | D:11     | Noticed a two-headed ogre
 12807 | D:11     | Killed a two-headed ogre
 13470 | D:12     | Found a gate leading to a gauntlet.
 13475 | Gauntlet | Entered a Gauntlet
 13475 | Gauntlet | Found a transporter.
 13484 | Gauntlet | Found a transporter.
 13499 | Gauntlet | Found a transporter.
 13504 | Gauntlet | Found a transporter.
 13505 | Gauntlet | Noticed a great orb of eyes
 13519 | Gauntlet | Found a transporter.
 13538 | Gauntlet | Found a transporter.
 13550 | Gauntlet | Found a transporter.
 13562 | Gauntlet | Found a transporter.
 13568 | Gauntlet | Found a transporter.
 13568 | Gauntlet | Found a transporter.
 13586 | Gauntlet | Found a transporter.
 13595 | Gauntlet | Found a transporter.
 13612 | Gauntlet | Found a transporter.
 13630 | Gauntlet | Found a transporter.
 13632 | Gauntlet | Found a transporter.
 13660 | Gauntlet | Found a transporter.
 13680 | Gauntlet | Found a transporter.
 13873 | Gauntlet | Found a transporter.
 13899 | Gauntlet | Reached skill level 5 in Ranged Weapons
 13905 | Gauntlet | Engulfed by an ice statue's freezing vapour

Illustrated notes

Levels and vault maps discovered:
D:1:      kennysheep_arrival_forest, layout_basic,
          ebering_ecumenical_altar_sacrificial, minivault_27,
          amcnicky_mini_pool_small
D:2:      kennysheep_big_flooded_room, layout_basic, uniq_crazy_yiuf_cottage
D:3:      cheibrodos_old_hovel, layout_rooms
D:4:      layout_cave_pods, minmay_misc_feat_room
D:5:      layout_loops_ring, serial_shops, shop, uniq_blork_the_orc
D:6:      layout_basic, minmay_temple_entry_fiery, serial_shops, shop_fountains
D:7:      layout_loops_ring, nicolae_overflow_hidden_temple
D:8:      layout_loops_ring, minivault_25, kennysheep_generic_room_13,
          uniq_grum, uniq_maggie, uniq_erica
D:9:      layout_irregular_city, bloody_makhleb, mainiacjoe_overflow_chevrons,
          gammafunk_temple_overflow_forgotten, erik_lair_orcish_takeover,
          chequers_jeans
D:10:     minmay_the_grid_triangle_9x9_rhombus_full
          [minmay_the_grid_triangle_9x9_odd_lines,
          minmay_the_grid_triangle_9x9_skeleton,
          minmay_the_grid_triangle_9x9_flanged_cone,
          minmay_the_grid_triangle_9x9_shrine,
          minmay_the_grid_triangle_9x9_windchime,
          minmay_the_grid_triangle_9x9_dagger,
          minmay_the_grid_triangle_9x9_alien,
          minmay_the_grid_triangle_9x9_prize_schism], layout_grid_maze,
          water_boxes_lemuel
D:11:     layout_gridville, erik_orc_3
D:12:     nicolae_cairo_tiling, layout_stronghold, gauntlet_entry_generic
Temple:   minmay_freezing_vapour_temple
Gauntlet: gammafunk_gauntlet_one_two_three [gammafunk_gauntlet_arena_split_x,
          nicolae_gauntlet_arena_grate_2, nicolae_gauntlet_arena_blocks,
          nicolae_gauntlet_arena_quarters, gammafunk_gauntlet_arena_grid,
          nicolae_gauntlet_arena_x, gammafunk_gauntlet_arena_crates,
          gammafunk_gauntlet_arena_spirals, gammafunk_gauntlet_arena_chambers,
          gauntlet_exit_watery]

Skill      XL: |  1  2  3  4  5  6  7  8  9 10 11 12 |
---------------+-------------------------------------+-----
Fighting       | 2 3 6 8 9 |  9.0
Shapeshifting  | 4 5 6 |  6.0
Staves         | 2 5 6 8 12 | 12.8
Dodging        | 3 4 9 |  9.0
Stealth        | 3 |  3.0
Evocations     | 4 |  4.0
Long Blades    | 2 |  2.9
Ranged Weapons | 5 |  5.1
Unarmed Combat | |  3.0

Action                     |  1- 3 |  4- 6 |  7- 9 | 10-12 || total
---------------------------+-------+-------+-------+-------++-------
  Melee: Unarmed           |    48 |       |       |       ||    48
         Tailslap          |    10 |    12 |    18 |    55 ||    95
         Club              |    10 |       |       |       ||    10
         Lajatang          |    40 |   112 |   182 |   352 ||   686
         Punch             |     1 |       |       |       ||     1
Ability: Breathe Acid      |       |       |     4 |     6 ||    10
  Evoke: Wand              |       |       |       |     7 ||     7
         Phial of floods   |       |       |       |     1 ||     1
    Use: Scroll            |     4 |     4 |     6 |     2 ||    16
         Potion            |     3 |     3 |       |     2 ||     8
   Stab: Sleeping          |     1 |     1 |     1 |     6 ||     9
         Distracted        |       |       |       |     4 ||     4
         Invisible         |       |       |       |     1 ||     1
 Armour: Skin              |    31 |    33 |    30 |    54 ||   148
  Dodge: Dodged            |    46 |    58 |    94 |   250 ||   448

Table legend: (Time is in decaauts)
 A = Elapsed time spent in this place.
 B = Non-inter-level travel time spent in this place.
 C = Inter-level travel time spent in this place.
 D = Time resting spent in this place.
 E = Time spent auto-exploring this place.
 F = Levels seen in this place.
 G = Mean time per level.
                   A        B        C        D        E       F      G
               +--------+--------+--------+--------+--------+-----+--------+
         Total |  13727 |  13035 |    692 |   2275 |   8840 |  14 |  980.5 |
       Dungeon |  13290 |  12598 |    692 |   2275 |   8546 |  12 | 1107.5 |
        Temple |     11 |     11 |      0 |      0 |      0 |   1 |   11.0 |
      Gauntlet |    426 |    426 |      0 |      0 |    294 |   1 |  426.0 |
               +--------+--------+--------+--------+--------+-----+--------+

Top non-repeatable levels by time:
    D:10: 2247 daAuts
     D:8: 1493 daAuts
    D:11: 1385 daAuts
     D:1: 1178 daAuts
     D:2: 1155 daAuts
     D:7: 1118 daAuts
     D:4: 993 daAuts
     D:3: 986 daAuts
     D:5: 923 daAuts
     D:9: 905 daAuts
     D:6: 896 daAuts
Gauntlet: 426 daAuts
  Temple: 11 daAuts
    D:12: 4 daAuts
